COLORADO Avalanche vs BOSTON Bruins

Created - 9 février 2019 at 16:49

Goals
1 2 3 T
COLORADO Avalanche 1 1 0 2
BOSTON Bruins 2 2 0 4
Shots
1 2 3 T
COLORADO Avalanche 5 10 11 26
BOSTON Bruins 11 18 7 36

1st period

1. BOSTON Bruins , Phil Kessel 17 (Victor Hedman 30, Brad Marchand 29) at 0:17
2. BOSTON Bruins , Patrice Bergeron 18 (Brad Marchand 30, Victor Hedman 31) at 2:13
3. COLORADO Avalanche , Darren Helm 4 (Jonas Brodin 23, Patrick Maroon 10) at 18:34

Penalties :
Brad Marchand (BOS) for Hooking (Minor) at 18:35

2nd period

4. BOSTON Bruins , David Krejci 10 (Darren Archibald 5, Shea Theodore 8) at 3:29
5. COLORADO Avalanche , Darren Helm 5 (Jonas Brodin 24) at 18:46
6. BOSTON Bruins , Blake Wheeler 17 (Tomas Hertl 18, Victor Hedman 32) at 19:46

Penalties :
Dan Girardi (COL) for Tripping (Minor) at 9:46

3rd period

No Goal

Penalties :
Matt Dumba (BOS) for Roughing (Minor) at 18:26

Goalie Stats

Brian Elliott (COL), 32 saves from 36 shots - (0,889), L, 19-24-3, 60:00 minutes
Frederik Andersen (BOS), 24 saves from 26 shots - (0,923), W, 33-17-4, 60:00 minutes

Players Stats for COLORADO Avalanche

Player Name              G  A  P  +/- PIM S  H  SB GA TA FO     MP     PP MP  PK MP  
------------------------------------------------------------------------------------
Adam McQuaid             0  0  0   0  0   2  2  0  0  0  0/0    17:25   0:00   1:10 
Carl Hagelin             0  0  0   0  0   0  0  0  0  0  0/0     6:35   0:00   0:00 
Craig Smith              0  0  0   0  0   1  2  1  0  0  19/31  20:58   1:32   0:21 
Dan Girardi              0  0  0   0  2   2  0  3  0  0  0/0    21:35   2:18   0:00 
Darren Helm              2  0  2  -1  0   4  0  0  0  0  11/25  19:03   2:00   0:08 
David Pastrnak           0  0  0   0  0   3  1  1  0  0  0/1    20:37   1:32   0:00 
David Perron             0  0  0  -1  0   5  0  0  0  0  0/1    20:25   2:00   1:30 
David Savard             0  0  0   0  0   0  0  6  0  0  0/0    23:06   2:18   1:30 
Jeff Skinner             0  0  0   0  0   5  0  0  0  0  0/0    20:58   1:32   0:21 
Jonas Brodin             0  2  2  -2  0   1  0  1  0  0  0/0    21:21   1:14   1:11 
Jonathan Ericsson        0  0  0  -2  0   0  3  1  0  0  0/0    20:17   1:14   0:07 
Jordie Benn              0  0  0   0  0   0  0  1  0  0  0/0    16:15   0:00   0:00 
Kris Versteeg            0  0  0   0  0   0  0  0  0  0  0/0     6:35   0:00   0:00 
Mathieu Perreault        0  0  0  -1  0   0  0  0  0  0  7/17   11:54   0:00   0:00 
Patrick Maroon           0  1  1  -1  0   1  5  0  0  0  0/0    18:55   2:00   0:00 
Rick Nash                0  0  0  -1  0   1  0  0  0  0  0/0    11:54   0:00   0:00 
Ryan Spooner             0  0  0  -1  0   0  0  0  0  0  0/0    11:54   0:00   0:00 
Zack Smith               0  0  0   0  0   1  0  0  0  0  5/11    8:13   0:00   1:38 

Players Stats for BOSTON Bruins

Player Name              G  A  P  +/- PIM S  H  SB GA TA FO     MP     PP MP  PK MP  
------------------------------------------------------------------------------------
Adam Cracknell           0  0  0   0  0   0  0  0  0  0  0/0     6:41   0:00   0:46 
Adrian Kempe             0  0  0   0  0   1  0  0  0  0  0/0     5:16   0:00   0:00 
Blake Wheeler            1  0  1   1  0   5  3  0  0  0  0/1    18:24   0:18   0:34 
Bo Horvat                0  0  0   1  0   3  0  0  0  0  17/22  18:06   0:00   0:34 
Brad Marchand            0  2  2   1  2   3  3  0  0  0  0/1    22:26   1:41   0:59 
Darren Archibald         0  1  1   0  0   1  2  0  0  0  0/1    11:54   0:00   0:00 
David Krejci             1  0  1   0  0   6  0  0  0  0  6/14   12:12   0:18   0:00 
Johnny Boychuk           0  0  0  -1  0   0  1  0  0  0  0/0    21:05   1:21   2:18 
Kevan Miller             0  0  0   1  0   0  0  0  0  0  0/0    11:08   0:00   1:12 
Logan Shaw               0  0  0   0  0   2  0  0  0  0  0/0    11:54   0:00   0:00 
Matt Dumba               0  0  0  -2  2   0  3  2  0  0  0/0    23:29   0:38   0:47 
Mattias Ekholm           0  0  0   3  0   1  1  1  0  0  0/0    21:15   0:00   0:00 
Nolan Patrick            0  0  0   0  0   1  0  0  0  0  6/6     5:16   0:00   0:00 
Patrice Bergeron         1  0  1   1  0   4  4  1  0  0  11/35  24:08   1:41   2:40 
Phil Kessel              1  0  1   1  0   4  0  0  0  0  1/2    21:28   1:41   0:00 
Shea Theodore            0  1  1   1  0   0  0  2  0  0  0/0    16:23   1:21   1:05 
Tomas Hertl              0  1  1   1  0   2  0  0  0  0  3/4    19:21   0:18   1:31 
Victor Hedman            0  3  3   2  0   3  0  1  0  0  0/0    26:00   0:38   1:42 

3 Stars

1 - Victor Hedman (BOS)
2 - Patrice Bergeron (BOS)
3 - Blake Wheeler (BOS)

Power Play

COLORADO Avalanche - 0 on 2 Attempt(s) - 0,00%
BOSTON Bruins - 0 on 1 Attempt(s) - 0,00%

Penalty Kill

COLORADO Avalanche - 1 on 1 Attempt(s) - 100,00% - Score 0 goal in Penalty Kill
BOSTON Bruins - 2 on 2 Attempt(s) - 100,00% - Score 0 goal in Penalty Kill

Team Stat

COLORADO Avalanche - Hits : 13 - Faceoff Wins : 42 - Blocked Shots : 14 - Penalty Minutes : 2
BOSTON Bruins - Hits : 17 - Faceoff Wins : 44 - Blocked Shots : 7 - Penalty Minutes : 4

Official

Referees : Unknown
Linesman : Unknown

Game Notes

Kevan Miller is injured at 5:10 of 3rd period (Sprained Right Knee)

Finance

Level 1 -- Attendance: 4748 (79,13%) -- Ticket Income 474 800 $
Level 2 -- Attendance: 4054 (81,08%) -- Ticket Income 243 240 $
Level 3 -- Attendance: 2000 (100,00%) -- Ticket Income 70 000 $
Level 4 -- Attendance: 4000 (100,00%) -- Ticket Income 80 000 $
Luxury Box -- Attendance: 748 (74,80%) -- Ticket Income 149 600 $
Game was played at the TD Garden.
Total Attendance: 15550 (86,39%)
Total Ticket Income: 1 017 640 $
Other Income: 396 880 $
Total Income: 1 414 520 $

COLORADO Avalanche

5 vs 5 Forward 
   Center                   Left Wing                Right Wing               Time % Phy DF OF 
 1 Craig Smith              Jeff Skinner             David Pastrnak           40     0   1  4  
 2 Darren Helm              David Perron             Patrick Maroon           30     0   2  3  
 3 Mathieu Perreault        Ryan Spooner             Rick Nash                20     1   2  2  
 4 Zack Smith               Kris Versteeg            Carl Hagelin             10     0   3  2  

5 vs 5 Defense 
   Defense                  Defense                                           Time % Phy DF OF 
 1 Dan Girardi              David Savard                                      40     1   2  2  
 2 Jonathan Ericsson        Jonas Brodin                                      30     1   2  2  
 3 Adam McQuaid             Jordie Benn                                       20     1   2  2  
 4 Dan Girardi              David Savard                                      10     1   2  2  

PowerPlay Forward 
   Center                   Left Wing                Right Wing               Time % Phy DF OF 
 1 Craig Smith              Jeff Skinner             David Pastrnak           60     0   1  4  
 2 Darren Helm              David Perron             Patrick Maroon           40     0   2  3  

PowerPlay Defense
   Defense                  Defense                                           Time % Phy DF OF 
 1 Dan Girardi              David Savard                                      60     0   2  3  
 2 Jonathan Ericsson        Jonas Brodin                                      40     0   2  3  

Penalty Kill 4 Players Forward 
   Center                   Wing                     Time % Phy DF OF 
 1 Zack Smith               David Perron             60     1   2  2  
 2 Craig Smith              Jeff Skinner             40     1   2  2  

Penalty Kill 4 Players Defense
   Defense                  Defense                  Time % Phy DF OF 
 1 Dan Girardi              David Savard             60     1   2  2  
 2 Adam McQuaid             Jonas Brodin             40     1   2  2  

Penalty Kill - 3 Players Forward 
   Forward                                           Time % Phy DF OF 
 1 Darren Helm                                       60     1   2  2  
 2 Zack Smith                                        40     1   2  2  

Penalty Kill - 3 Players Defense
   Defense                  Defense                  Time % Phy DF OF 
 1 Dan Girardi              Jonas Brodin             60     1   2  2  
 2 Jonas Brodin             Adam McQuaid             40     1   2  2  

4 vs 4 Forward 
   Center                   Wing                     Time % Phy DF OF 
 1 Darren Helm              David Pastrnak           60     1   2  2  
 2 Craig Smith              Mathieu Perreault        40     1   2  2  

4 vs 4 Defense
   Defense                  Defense                  Time % Phy DF OF 
 1 Dan Girardi              David Savard             60     1   2  2  
 2 Jonathan Ericsson        Jonas Brodin             40     1   2  2  

Last Minutes Offensive
   Center                   Left Wing                Right Wing               Defense                  Defense                  
   Craig Smith              Jeff Skinner             David Pastrnak           Dan Girardi              Jonas Brodin             

Last Minutes Defensive
   Center                   Left Wing                Right Wing               Defense                  Defense                  
   Darren Helm              David Pastrnak           Rick Nash                Adam McQuaid             Jonas Brodin             

Goaltenders
Starting : Brian Elliott            
Backup : Anton Khudobin           

Extra Forwards
Normal : David Pastrnak, Darren Helm, David Perron - PP : David Pastrnak, Darren Helm - PK : Darren Helm
Extra Defensemen
Normal : Dan Girardi, Jordie Benn, David Savard - PP : Jonas Brodin - PK : Adam McQuaid, David Savard
Penalty Shots
David Pastrnak, Jeff Skinner, Darren Helm, David Perron, Craig Smith

BOSTON Bruins

5 vs 5 Forward 
   Center                   Left Wing                Right Wing               Time % Phy DF OF 
 1 Patrice Bergeron         Brad Marchand            Phil Kessel              42     1   2  2  
 2 Bo Horvat                Blake Wheeler            Tomas Hertl              35     1   2  2  
 3 David Krejci             Darren Archibald         Logan Shaw               17     1   2  2  
 4 Nolan Patrick            Adrian Kempe             Adam Cracknell           6      1   2  2  

5 vs 5 Defense 
   Defense                  Defense                                           Time % Phy DF OF 
 1 Victor Hedman            Mattias Ekholm                                    40     1   2  2  
 2 Matt Dumba               Johnny Boychuk                                    40     1   2  2  
 3 Shea Theodore            Kevan Miller                                      10     1   2  2  
 4 Victor Hedman            Matt Dumba                                        10     1   2  2  

PowerPlay Forward 
   Center                   Left Wing                Right Wing               Time % Phy DF OF 
 1 Patrice Bergeron         Brad Marchand            Phil Kessel              60     1   1  3  
 2 David Krejci             Blake Wheeler            Tomas Hertl              40     1   1  3  

PowerPlay Defense
   Defense                  Defense                                           Time % Phy DF OF 
 1 Victor Hedman            Matt Dumba                                        60     1   1  3  
 2 Johnny Boychuk           Shea Theodore                                     40     1   1  3  

Penalty Kill 4 Players Forward 
   Center                   Wing                     Time % Phy DF OF 
 1 Patrice Bergeron         Brad Marchand            60     1   2  2  
 2 Bo Horvat                Blake Wheeler            40     1   2  2  

Penalty Kill 4 Players Defense
   Defense                  Defense                  Time % Phy DF OF 
 1 Victor Hedman            Matt Dumba               60     1   2  2  
 2 Johnny Boychuk           Kevan Miller             40     1   2  2  

Penalty Kill - 3 Players Forward 
   Forward                                           Time % Phy DF OF 
 1 Patrice Bergeron                                  60     1   2  2  
 2 Bo Horvat                                         40     1   2  2  

Penalty Kill - 3 Players Defense
   Defense                  Defense                  Time % Phy DF OF 
 1 Victor Hedman            Matt Dumba               60     1   2  2  
 2 Johnny Boychuk           Kevan Miller             40     1   2  2  

4 vs 4 Forward 
   Center                   Wing                     Time % Phy DF OF 
 1 Patrice Bergeron         Brad Marchand            60     1   2  2  
 2 Bo Horvat                Blake Wheeler            40     1   2  2  

4 vs 4 Defense
   Defense                  Defense                  Time % Phy DF OF 
 1 Victor Hedman            Kevan Miller             60     1   2  2  
 2 Matt Dumba               Johnny Boychuk           40     1   2  2  

Last Minutes Offensive
   Center                   Left Wing                Right Wing               Defense                  Defense                  
   Patrice Bergeron         Brad Marchand            Phil Kessel              Victor Hedman            Matt Dumba               

Last Minutes Defensive
   Center                   Left Wing                Right Wing               Defense                  Defense                  
   Patrice Bergeron         Brad Marchand            Tomas Hertl              Victor Hedman            Mattias Ekholm           

Goaltenders
Starting : Frederik Andersen        
Backup : Louis Domingue           

Extra Forwards
Normal : Blake Wheeler, Brad Marchand, Nolan Patrick - PP : Tomas Hertl, Bo Horvat - PK : Tomas Hertl
Extra Defensemen
Normal : Matt Dumba, Kevan Miller, Victor Hedman - PP : Johnny Boychuk - PK : Matt Dumba, Shea Theodore
Penalty Shots
Brad Marchand, Patrice Bergeron, Phil Kessel, Blake Wheeler, Tomas Hertl


% Time on Ice - COLORADO Avalanche

Lines # - Real PCT - Wanted PCT - Time Play
Normal Forward
1 - 35% - 40% - 19:05
2 - 31% - 30% - 16:55
3 - 22% - 20% - 11:54
4 - 12% - 10% - 6:35
Normal Defense
1 - 33% - 40% - 18:11
2 - 35% - 30% - 18:56
3 - 30% - 20% - 16:15
4 - 2% - 10% - 1:07
PP Forward
1 - 43% - 60% - 1:32
2 - 57% - 40% - 2:00
PP Defense
1 - 65% - 60% - 2:18
2 - 35% - 40% - 1:14
PK Forward
1 - 82% - 60% - 1:38
2 - 18% - 40% - 0:21
PK Defense
1 - 82% - 60% - 1:37
2 - 18% - 40% - 0:22
PK3 Forward
1 - 0% - 60%
2 - 0% - 40%
PK3 Defense
1 - 0% - 60%
2 - 0% - 40%
44 Forward
1 - 0% - 60%
2 - 0% - 40%
44 Defense
1 - 0% - 60%
2 - 0% - 40%
Last Minute Offensive  - 0:00
Last Minute Defensive  - 0:00
Total
Forward - 60:00
Defense - 60:00

% Time on Ice - BOSTON Bruins

Lines # - Real PCT - Wanted PCT - Time Play
Normal Forward
1 - 36% - 42% - 19:47
2 - 32% - 35% - 17:32
3 - 22% - 17% - 11:54
4 - 10% - 6% - 5:16
Normal Defense
1 - 39% - 40% - 21:15
2 - 31% - 40% - 16:47
3 - 27% - 10% - 14:36
4 - 3% - 10% - 1:51
PP Forward
1 - 85% - 60% - 1:41
2 - 15% - 40% - 0:18
PP Defense
1 - 32% - 60% - 0:38
2 - 68% - 40% - 1:21
PK Forward
1 - 84% - 60% - 2:58
2 - 16% - 40% - 0:34
PK Defense
1 - 48% - 60% - 1:42
2 - 52% - 40% - 1:50
PK3 Forward
1 - 0% - 60%
2 - 0% - 40%
PK3 Defense
1 - 0% - 60%
2 - 0% - 40%
44 Forward
1 - 0% - 60%
2 - 0% - 40%
44 Defense
1 - 0% - 60%
2 - 0% - 40%
Last Minute Offensive  - 0:00
Last Minute Defensive  - 0:00
Total
Forward - 60:00
Defense - 60:00

Play-by-Play

1st period


0:01 of 1st period - Craig Smith wins face-off versus Patrice Bergeron in neutral zone.
0:05 of 1st period - Icing by Victor Hedman.
0:06 of 1st period - Phil Kessel wins face-off versus Darren Helm in BOSTON Bruins zone.
0:17 of 1st period - Shot by Phil Kessel.
0:17 of 1st period - Goal by Phil Kessel - COLORADO Avalanche : 0 - BOSTON Bruins : 1.
0:18 of 1st period - Bo Horvat wins face-off versus Mathieu Perreault in neutral zone.
0:51 of 1st period - Off-side.
0:52 of 1st period - Craig Smith wins face-off versus David Krejci in neutral zone.
1:09 of 1st period - Shot by David Krejci.
1:09 of 1st period - Shot Misses the Net.
1:11 of 1st period - Shot by Kevan Miller.
1:11 of 1st period - Shot Blocked by Dan Girardi.
2:03 of 1st period - Shot by David Perron.
2:03 of 1st period - Shot Misses the Net.
2:13 of 1st period - Shot by Brad Marchand.
2:13 of 1st period - Deflect By Patrice Bergeron.
2:13 of 1st period - Goal by Patrice Bergeron - COLORADO Avalanche : 0 - BOSTON Bruins : 2.
2:14 of 1st period - Bo Horvat wins face-off versus Zack Smith in neutral zone.
2:30 of 1st period - Carl Hagelin is hit by Johnny Boychuk and loses puck.
3:24 of 1st period - Shot by Phil Kessel.
3:24 of 1st period - Shot Misses the Net.
3:26 of 1st period - Shot by Brad Marchand.
3:26 of 1st period - Shot Misses the Net.
3:42 of 1st period - Shot by Brad Marchand.
3:42 of 1st period - Stopped by Brian Elliott with a rebound.
3:44 of 1st period - Shot by Patrice Bergeron.
3:44 of 1st period - Shot Misses the Net.
3:46 of 1st period - Shot by Patrice Bergeron.
3:46 of 1st period - Shot Blocked by Jordie Benn.
3:48 of 1st period - Shot by Brad Marchand.
3:48 of 1st period - Deflect By Patrice Bergeron.
3:48 of 1st period - Stopped by Brian Elliott without a rebound.
3:49 of 1st period - Nolan Patrick wins face-off versus Craig Smith in COLORADO Avalanche zone.
4:00 of 1st period - Shot by Nolan Patrick.
4:00 of 1st period - Shot Misses the Net.
4:20 of 1st period - Shot by Nolan Patrick.
4:20 of 1st period - Shot Misses the Net.
4:22 of 1st period - Shot by Kevan Miller.
4:22 of 1st period - Shot Misses the Net.
4:24 of 1st period - Shot by Shea Theodore.
4:24 of 1st period - Shot Blocked by Craig Smith.
4:26 of 1st period - Shot by Adam Cracknell.
4:26 of 1st period - Shot Blocked by David Savard.
5:02 of 1st period - Shot by David Perron.
5:02 of 1st period - Shot Blocked by Mattias Ekholm.
5:27 of 1st period - Off-side.
5:28 of 1st period - Bo Horvat wins face-off versus Mathieu Perreault in neutral zone.
5:51 of 1st period - Icing by Dan Girardi.
5:52 of 1st period - Mathieu Perreault wins face-off versus David Krejci in COLORADO Avalanche zone.
6:03 of 1st period - Shot by Logan Shaw.
6:03 of 1st period - Stopped by Brian Elliott without a rebound.
6:04 of 1st period - Craig Smith wins face-off versus Bo Horvat in COLORADO Avalanche zone.
6:04 of 1st period - Craig Smith is hit by Blake Wheeler.
6:30 of 1st period - Shot by David Pastrnak.
6:30 of 1st period - Stopped by Frederik Andersen without a rebound.
6:31 of 1st period - Darren Helm wins face-off versus Patrice Bergeron in BOSTON Bruins zone.
6:45 of 1st period - Patrice Bergeron is hit by Adam McQuaid and loses puck.
7:02 of 1st period - Shot by Phil Kessel.
7:02 of 1st period - Shot Hit the Post.
7:14 of 1st period - Shot by Phil Kessel.
7:14 of 1st period - Stopped by Brian Elliott without a rebound.
7:15 of 1st period - Craig Smith wins face-off versus David Krejci in COLORADO Avalanche zone.
7:28 of 1st period - Shot by David Pastrnak.
7:28 of 1st period - Shot Misses the Net.
8:33 of 1st period - Mathieu Perreault is hit by Mattias Ekholm and loses puck.
8:36 of 1st period - Shot by Jonas Brodin.
8:36 of 1st period - Deflect By Rick Nash.
8:36 of 1st period - Stopped by Frederik Andersen without a rebound.
8:37 of 1st period - Patrice Bergeron wins face-off versus David Perron in BOSTON Bruins zone.
8:37 of 1st period - Patrice Bergeron is hit by Patrick Maroon.
9:01 of 1st period - Brad Marchand is hit by Patrick Maroon and loses puck.
9:10 of 1st period - Shot by Darren Helm.
9:10 of 1st period - Shot Misses the Net.
9:12 of 1st period - Shot by Patrick Maroon.
9:12 of 1st period - Shot Misses the Net.
10:30 of 1st period - Shot by Ryan Spooner.
10:30 of 1st period - Deflect By Mathieu Perreault.
10:30 of 1st period - Shot Blocked by Shea Theodore.
10:38 of 1st period - Shot by Ryan Spooner.
10:38 of 1st period - Shot Misses the Net.
10:40 of 1st period - Shot by Rick Nash.
10:40 of 1st period - Shot Blocked by Shea Theodore.
10:59 of 1st period - Off-side.
11:00 of 1st period - Bo Horvat wins face-off versus Darren Helm in neutral zone.
11:14 of 1st period - Off-side.
11:15 of 1st period - Nolan Patrick wins face-off versus Craig Smith in neutral zone.
11:30 of 1st period - Shot by Nolan Patrick.
11:30 of 1st period - Stopped by Brian Elliott without a rebound.
11:31 of 1st period - Bo Horvat wins face-off versus Darren Helm in COLORADO Avalanche zone.
11:38 of 1st period - Shot by Blake Wheeler.
11:38 of 1st period - Stopped by Brian Elliott without a rebound.
11:39 of 1st period - Craig Smith wins face-off versus Blake Wheeler in COLORADO Avalanche zone.
11:54 of 1st period - Shot by Blake Wheeler.
11:54 of 1st period - Stopped by Brian Elliott without a rebound.
11:55 of 1st period - David Krejci wins face-off versus Darren Helm in COLORADO Avalanche zone.
12:30 of 1st period - Shot by Logan Shaw.
12:30 of 1st period - Stopped by Brian Elliott with a rebound.
12:36 of 1st period - Shot by Logan Shaw.
12:36 of 1st period - Deflect By David Krejci.
12:36 of 1st period - Shot Misses the Net.
12:38 of 1st period - Shot by Mattias Ekholm.
12:38 of 1st period - Shot Misses the Net.
12:58 of 1st period - Shot by Bo Horvat.
12:58 of 1st period - Shot Misses the Net.
13:00 of 1st period - Shot by Johnny Boychuk.
13:00 of 1st period - Shot Blocked by Jonathan Ericsson.
13:02 of 1st period - Shot by Tomas Hertl.
13:02 of 1st period - Stopped by Brian Elliott without a rebound.
13:03 of 1st period - Nolan Patrick wins face-off versus Craig Smith in COLORADO Avalanche zone.
15:11 of 1st period - Off-side.
15:12 of 1st period - Darren Helm wins face-off versus Darren Archibald in neutral zone.
15:17 of 1st period - Shot by David Perron.
15:17 of 1st period - Shot Misses the Net.
15:32 of 1st period - David Krejci is hit by Jonathan Ericsson and loses puck.
17:14 of 1st period - Shot by David Pastrnak.
17:14 of 1st period - Shot Misses the Net.
17:20 of 1st period - Shot by Jeff Skinner.
17:20 of 1st period - Stopped by Frederik Andersen without a rebound.
17:21 of 1st period - Nolan Patrick wins face-off versus Mathieu Perreault in BOSTON Bruins zone.
17:27 of 1st period - Off-side.
17:28 of 1st period - Craig Smith wins face-off versus David Krejci in neutral zone.
17:39 of 1st period - Shot by Jeff Skinner.
17:39 of 1st period - Shot Misses the Net.
17:41 of 1st period - Shot by Jordie Benn.
17:41 of 1st period - Shot Misses the Net.
17:43 of 1st period - Shot by Adam McQuaid.
17:43 of 1st period - Shot Blocked by Victor Hedman.
18:28 of 1st period - Shot by Patrick Maroon.
18:28 of 1st period - Shot Misses the Net.
18:32 of 1st period - Shot by Patrick Maroon.
18:32 of 1st period - Shot Misses the Net.
18:34 of 1st period - Shot by Jonas Brodin.
18:34 of 1st period - Deflect By Darren Helm.
18:34 of 1st period - Goal by Darren Helm - COLORADO Avalanche : 1 - BOSTON Bruins : 2.
18:35 of 1st period - Mathieu Perreault wins face-off versus Patrice Bergeron in neutral zone.
18:35 of 1st period - Minor Penalty to Brad Marchand for Hooking.
18:36 of 1st period - Darren Helm wins face-off versus Patrice Bergeron in BOSTON Bruins zone.
18:41 of 1st period - Shot by Patrick Maroon.
18:41 of 1st period - Stopped by Frederik Andersen without a rebound.
18:42 of 1st period - Tomas Hertl wins face-off versus Darren Helm in BOSTON Bruins zone.
Goals for this period are 1 for COLORADO Avalanche vs 2 for BOSTON Bruins.
Shots for this period are 5 for COLORADO Avalanche vs 11 for BOSTON Bruins.

2nd period


0:01 of 2nd period - Craig Smith wins face-off versus Patrice Bergeron in neutral zone.
0:08 of 2nd period - Shot by David Pastrnak.
0:08 of 2nd period - Stopped by Frederik Andersen without a rebound.
0:09 of 2nd period - Tomas Hertl wins face-off versus Craig Smith in BOSTON Bruins zone.
0:56 of 2nd period - Shot by Rick Nash.
0:56 of 2nd period - Shot Misses the Net.
1:28 of 2nd period - Shot by Adam McQuaid.
1:28 of 2nd period - Stopped by Frederik Andersen without a rebound.
1:29 of 2nd period - Patrice Bergeron wins face-off versus Craig Smith in BOSTON Bruins zone.
1:29 of 2nd period - Patrice Bergeron is hit by David Pastrnak.
1:41 of 2nd period - Shot by Jeff Skinner.
1:41 of 2nd period - Stopped by Frederik Andersen without a rebound.
1:42 of 2nd period - Bo Horvat wins face-off versus Darren Helm in BOSTON Bruins zone.
1:42 of 2nd period - Bo Horvat is hit by Patrick Maroon.
1:50 of 2nd period - Shot by Darren Helm.
1:50 of 2nd period - Shot Blocked by Matt Dumba.
2:22 of 2nd period - Off-side.
2:23 of 2nd period - Craig Smith wins face-off versus Patrice Bergeron in neutral zone.
2:23 of 2nd period - Craig Smith is hit by Brad Marchand.
2:41 of 2nd period - Shot by Brad Marchand.
2:41 of 2nd period - Shot Misses the Net.
2:53 of 2nd period - Shot by Brad Marchand.
2:53 of 2nd period - Stopped by Brian Elliott without a rebound.
2:54 of 2nd period - Mathieu Perreault wins face-off versus David Krejci in COLORADO Avalanche zone.
3:11 of 2nd period - Shot by Darren Archibald.
3:11 of 2nd period - Stopped by Brian Elliott with a rebound.
3:29 of 2nd period - Shot by David Krejci.
3:29 of 2nd period - Goal by David Krejci - COLORADO Avalanche : 1 - BOSTON Bruins : 3.
3:30 of 2nd period - Craig Smith wins face-off versus Patrice Bergeron in neutral zone.
4:02 of 2nd period - David Savard is hit by Patrice Bergeron and loses puck.
4:13 of 2nd period - Shot by Jeff Skinner.
4:13 of 2nd period - Shot Misses the Net.
4:56 of 2nd period - Icing by Patrick Maroon.
4:57 of 2nd period - Darren Helm wins face-off versus David Krejci in COLORADO Avalanche zone.
5:22 of 2nd period - Kevan Miller is hit by Patrick Maroon and loses puck.
5:31 of 2nd period - David Perron is hit by Darren Archibald and loses puck.
5:38 of 2nd period - Shot by David Krejci.
5:38 of 2nd period - Stopped by Brian Elliott without a rebound.
5:39 of 2nd period - Bo Horvat wins face-off versus Craig Smith in COLORADO Avalanche zone.
5:53 of 2nd period - Shot by Blake Wheeler.
5:53 of 2nd period - Shot Blocked by David Savard.
5:55 of 2nd period - Shot by Victor Hedman.
5:55 of 2nd period - Deflect By Tomas Hertl.
5:55 of 2nd period - Shot Misses the Net.
5:57 of 2nd period - Shot by Victor Hedman.
5:57 of 2nd period - Shot Blocked by David Savard.
6:19 of 2nd period - Shot by Bo Horvat.
6:19 of 2nd period - Stopped by Brian Elliott without a rebound.
6:20 of 2nd period - Mathieu Perreault wins face-off versus Patrice Bergeron in COLORADO Avalanche zone.
6:33 of 2nd period - Shot by Rick Nash.
6:33 of 2nd period - Shot Misses the Net.
7:06 of 2nd period - Icing by Johnny Boychuk.
7:07 of 2nd period - Zack Smith wins face-off versus Patrice Bergeron in BOSTON Bruins zone.
8:45 of 2nd period - Shot by Adrian Kempe.
8:45 of 2nd period - Shot Misses the Net.
9:37 of 2nd period - Off-side.
9:38 of 2nd period - Patrice Bergeron wins face-off versus Mathieu Perreault in neutral zone.
9:46 of 2nd period - Minor Penalty to Dan Girardi for Tripping.
9:47 of 2nd period - Zack Smith wins face-off versus Patrice Bergeron in COLORADO Avalanche zone.
10:16 of 2nd period - Shot by David Perron.
10:16 of 2nd period - Stopped by Frederik Andersen without a rebound.
10:17 of 2nd period - David Krejci wins face-off versus Zack Smith in BOSTON Bruins zone.
10:34 of 2nd period - Shot by David Krejci.
10:34 of 2nd period - Stopped by Brian Elliott without a rebound.
10:35 of 2nd period - Patrice Bergeron wins face-off versus Zack Smith in COLORADO Avalanche zone.
10:40 of 2nd period - Shot by Brad Marchand.
10:40 of 2nd period - Shot Misses the Net.
10:42 of 2nd period - Shot by Victor Hedman.
10:42 of 2nd period - Stopped by Brian Elliott without a rebound.
10:43 of 2nd period - Zack Smith wins face-off versus Patrice Bergeron in COLORADO Avalanche zone.
10:43 of 2nd period - Zack Smith is hit by Patrice Bergeron.
11:14 of 2nd period - Shot by Shea Theodore.
11:14 of 2nd period - Shot Blocked by David Savard.
11:25 of 2nd period - Icing by Brad Marchand.
11:26 of 2nd period - Zack Smith wins face-off versus Patrice Bergeron in BOSTON Bruins zone.
11:32 of 2nd period - Icing by Shea Theodore.
11:33 of 2nd period - Zack Smith wins face-off versus Patrice Bergeron in BOSTON Bruins zone.
11:36 of 2nd period - Shot by David Perron.
11:36 of 2nd period - Stopped by Frederik Andersen with a rebound.
11:38 of 2nd period - Shot by Zack Smith.
11:38 of 2nd period - Stopped by Frederik Andersen with a rebound.
12:12 of 2nd period - Shot by Bo Horvat.
12:12 of 2nd period - Stopped by Brian Elliott without a rebound.
12:13 of 2nd period - David Krejci wins face-off versus Mathieu Perreault in COLORADO Avalanche zone.
12:40 of 2nd period - Shot by David Krejci.
12:40 of 2nd period - Stopped by Brian Elliott without a rebound.
12:41 of 2nd period - Patrice Bergeron wins face-off versus Craig Smith in COLORADO Avalanche zone.
12:41 of 2nd period - Phil Kessel is hit by Adam McQuaid and loses puck.
13:02 of 2nd period - Shot by Brad Marchand.
13:02 of 2nd period - Stopped by Brian Elliott without a rebound.
13:03 of 2nd period - Bo Horvat wins face-off versus Darren Helm in COLORADO Avalanche zone.
13:08 of 2nd period - Shot by Blake Wheeler.
13:08 of 2nd period - Stopped by Brian Elliott without a rebound.
13:09 of 2nd period - Darren Helm wins face-off versus Patrice Bergeron in COLORADO Avalanche zone.
13:09 of 2nd period - Patrick Maroon is hit by Brad Marchand and loses puck.
13:18 of 2nd period - Shot by Brad Marchand.
13:18 of 2nd period - Shot Misses the Net.
13:22 of 2nd period - Shot by Patrice Bergeron.
13:22 of 2nd period - Stopped by Brian Elliott with a rebound.
13:42 of 2nd period - Shot by Patrice Bergeron.
13:42 of 2nd period - Stopped by Brian Elliott without a rebound.
13:43 of 2nd period - Bo Horvat wins face-off versus Craig Smith in COLORADO Avalanche zone.
13:56 of 2nd period - Shot by Jonas Brodin.
13:56 of 2nd period - Stopped by Frederik Andersen without a rebound.
13:57 of 2nd period - David Krejci wins face-off versus Mathieu Perreault in BOSTON Bruins zone.
14:16 of 2nd period - Shot by Darren Archibald.
14:16 of 2nd period - Shot Hit the Post.
14:29 of 2nd period - Rick Nash is hit by Darren Archibald and loses puck.
15:02 of 2nd period - Shot by Phil Kessel.
15:02 of 2nd period - Stopped by Brian Elliott without a rebound.
15:03 of 2nd period - Darren Helm wins face-off versus Tomas Hertl in COLORADO Avalanche zone.
15:11 of 2nd period - Off-side.
15:12 of 2nd period - Craig Smith wins face-off versus Patrice Bergeron in neutral zone.
15:18 of 2nd period - David Pastrnak is hit by Matt Dumba and loses puck.
15:30 of 2nd period - Icing by Craig Smith.
15:31 of 2nd period - Craig Smith wins face-off versus Bo Horvat in COLORADO Avalanche zone.
15:44 of 2nd period - Shot by Bo Horvat.
15:44 of 2nd period - Shot Blocked by David Savard.
15:46 of 2nd period - Shot by Victor Hedman.
15:46 of 2nd period - Shot Misses the Net.
15:48 of 2nd period - Shot by Mattias Ekholm.
15:48 of 2nd period - Shot Misses the Net.
15:50 of 2nd period - Shot by Victor Hedman.
15:50 of 2nd period - Deflect By Tomas Hertl.
15:50 of 2nd period - Stopped by Brian Elliott with a rebound.
15:52 of 2nd period - Shot by Blake Wheeler.
15:52 of 2nd period - Shot Misses the Net.
15:54 of 2nd period - Shot by Victor Hedman.
15:54 of 2nd period - Stopped by Brian Elliott without a rebound.
15:55 of 2nd period - Patrice Bergeron wins face-off versus Darren Helm in COLORADO Avalanche zone.
15:56 of 2nd period - Shot by Phil Kessel.
15:56 of 2nd period - Stopped by Brian Elliott without a rebound.
15:57 of 2nd period - Darren Helm wins face-off versus Patrice Bergeron in COLORADO Avalanche zone.
16:44 of 2nd period - Off-side.
16:45 of 2nd period - Bo Horvat wins face-off versus David Pastrnak in neutral zone.
17:22 of 2nd period - Shot by Bo Horvat.
17:22 of 2nd period - Deflect By Blake Wheeler.
17:22 of 2nd period - Shot Blocked by Dan Girardi.
17:24 of 2nd period - Shot by Blake Wheeler.
17:24 of 2nd period - Shot Blocked by Dan Girardi.
17:33 of 2nd period - Off-side.
17:34 of 2nd period - Nolan Patrick wins face-off versus Mathieu Perreault in neutral zone.
18:46 of 2nd period - Shot by Darren Helm.
18:46 of 2nd period - Goal by Darren Helm - COLORADO Avalanche : 2 - BOSTON Bruins : 3.
18:47 of 2nd period - Craig Smith wins face-off versus Phil Kessel in neutral zone.
18:50 of 2nd period - Shot by Craig Smith.
18:50 of 2nd period - Stopped by Frederik Andersen without a rebound.
18:51 of 2nd period - Craig Smith wins face-off versus Patrice Bergeron in BOSTON Bruins zone.
19:06 of 2nd period - Shot by David Pastrnak.
19:06 of 2nd period - Stopped by Frederik Andersen without a rebound.
19:07 of 2nd period - Darren Helm wins face-off versus Bo Horvat in BOSTON Bruins zone.
19:46 of 2nd period - Shot by Tomas Hertl.
19:46 of 2nd period - Deflect By Blake Wheeler.
19:46 of 2nd period - Goal by Blake Wheeler - COLORADO Avalanche : 2 - BOSTON Bruins : 4.
19:47 of 2nd period - Patrice Bergeron wins face-off versus Craig Smith in neutral zone.
Goals for this period are 1 for COLORADO Avalanche vs 2 for BOSTON Bruins.
Shots for this period are 10 for COLORADO Avalanche vs 18 for BOSTON Bruins.

3rd period


0:01 of 3rd period - Craig Smith wins face-off versus Patrice Bergeron in neutral zone.
0:06 of 3rd period - Shot by Dan Girardi.
0:06 of 3rd period - Stopped by Frederik Andersen with a rebound.
0:12 of 3rd period - Shot by David Pastrnak.
0:12 of 3rd period - Shot Misses the Net.
0:14 of 3rd period - Shot by Jeff Skinner.
0:14 of 3rd period - Shot Blocked by Patrice Bergeron.
0:16 of 3rd period - Shot by Dan Girardi.
0:16 of 3rd period - Stopped by Frederik Andersen without a rebound.
0:17 of 3rd period - Bo Horvat wins face-off versus Darren Helm in BOSTON Bruins zone.
1:13 of 3rd period - Icing by Mattias Ekholm.
1:14 of 3rd period - Bo Horvat wins face-off versus Craig Smith in BOSTON Bruins zone.
1:37 of 3rd period - Dan Girardi is hit by Brad Marchand and loses puck.
2:31 of 3rd period - Shot by Logan Shaw.
2:31 of 3rd period - Deflect By David Krejci.
2:31 of 3rd period - Shot Misses the Net.
2:57 of 3rd period - Icing by Adam McQuaid.
2:58 of 3rd period - Nolan Patrick wins face-off versus Zack Smith in COLORADO Avalanche zone.
3:01 of 3rd period - Shot by Adam Cracknell.
3:01 of 3rd period - Shot Misses the Net.
3:03 of 3rd period - Shot by Mattias Ekholm.
3:03 of 3rd period - Stopped by Brian Elliott with a rebound.
3:09 of 3rd period - Shot by Adrian Kempe.
3:09 of 3rd period - Stopped by Brian Elliott without a rebound.
3:10 of 3rd period - Bo Horvat wins face-off versus Darren Helm in COLORADO Avalanche zone.
3:54 of 3rd period - Icing by Jonas Brodin.
3:55 of 3rd period - Patrice Bergeron wins face-off versus Darren Helm in COLORADO Avalanche zone.
4:08 of 3rd period - Shot by Victor Hedman.
4:08 of 3rd period - Shot Misses the Net.
5:01 of 3rd period - Shot by David Krejci.
5:01 of 3rd period - Shot Misses the Net.
5:09 of 3rd period - Kevan Miller is hit by Patrick Maroon and loses puck.
5:10 of 3rd period - Kevan Miller from BOSTON Bruins is injured at 5:10 of 3rd period (Sprained Right Knee).
5:11 of 3rd period - Craig Smith wins face-off versus Bo Horvat in BOSTON Bruins zone.
5:36 of 3rd period - Shot by David Pastrnak.
5:36 of 3rd period - Deflect By Jeff Skinner.
5:36 of 3rd period - Stopped by Frederik Andersen without a rebound.
5:37 of 3rd period - Mathieu Perreault wins face-off versus David Krejci in BOSTON Bruins zone.
5:48 of 3rd period - Shot by David Krejci.
5:48 of 3rd period - Stopped by Brian Elliott without a rebound.
5:49 of 3rd period - Patrice Bergeron wins face-off versus Zack Smith in COLORADO Avalanche zone.
6:54 of 3rd period - Shot by Jeff Skinner.
6:54 of 3rd period - Shot Hit the Post.
7:40 of 3rd period - Shot by Blake Wheeler.
7:40 of 3rd period - Shot Blocked by David Pastrnak.
7:42 of 3rd period - Shot by Victor Hedman.
7:42 of 3rd period - Stopped by Brian Elliott without a rebound.
7:43 of 3rd period - David Krejci wins face-off versus Mathieu Perreault in COLORADO Avalanche zone.
8:11 of 3rd period - Shot by Darren Archibald.
8:11 of 3rd period - Shot Blocked by Jonas Brodin.
8:13 of 3rd period - Shot by David Krejci.
8:13 of 3rd period - Shot Misses the Net.
8:30 of 3rd period - Nolan Patrick is hit by Jonathan Ericsson and loses puck.
8:34 of 3rd period - Icing by Jonas Brodin.
8:35 of 3rd period - Bo Horvat wins face-off versus Mathieu Perreault in COLORADO Avalanche zone.
9:21 of 3rd period - Shot by Darren Helm.
9:21 of 3rd period - Stopped by Frederik Andersen without a rebound.
9:22 of 3rd period - Craig Smith wins face-off versus Patrice Bergeron in BOSTON Bruins zone.
9:38 of 3rd period - David Pastrnak is hit by Matt Dumba.
10:02 of 3rd period - Shot by David Pastrnak.
10:02 of 3rd period - Deflect By Jeff Skinner.
10:02 of 3rd period - Shot Blocked by Matt Dumba.
10:16 of 3rd period - Shot by Patrick Maroon.
10:16 of 3rd period - Shot Misses the Net.
10:18 of 3rd period - Shot by Darren Helm.
10:18 of 3rd period - Shot Misses the Net.
10:20 of 3rd period - Shot by David Savard.
10:20 of 3rd period - Shot Misses the Net.
10:22 of 3rd period - Shot by David Savard.
10:22 of 3rd period - Shot Misses the Net.
10:33 of 3rd period - Shot by Darren Helm.
10:33 of 3rd period - Shot Misses the Net.
10:35 of 3rd period - Shot by Darren Helm.
10:35 of 3rd period - Stopped by Frederik Andersen without a rebound.
10:36 of 3rd period - Bo Horvat wins face-off versus Zack Smith in BOSTON Bruins zone.
10:49 of 3rd period - Shot by Blake Wheeler.
10:49 of 3rd period - Deflect By Bo Horvat.
10:49 of 3rd period - Shot Misses the Net.
10:59 of 3rd period - Jonas Brodin is hit by Blake Wheeler.
12:04 of 3rd period - Shot by Logan Shaw.
12:04 of 3rd period - Deflect By David Krejci.
12:04 of 3rd period - Stopped by Brian Elliott without a rebound.
12:05 of 3rd period - Craig Smith wins face-off versus Patrice Bergeron in COLORADO Avalanche zone.
12:45 of 3rd period - David Pastrnak is hit by Matt Dumba and loses puck.
13:01 of 3rd period - Off-side.
13:02 of 3rd period - David Krejci wins face-off versus Mathieu Perreault in neutral zone.
13:16 of 3rd period - David Krejci is hit by Jonathan Ericsson and loses puck.
13:48 of 3rd period - Icing by Jonas Brodin.
13:49 of 3rd period - Mathieu Perreault wins face-off versus Patrice Bergeron in COLORADO Avalanche zone.
13:49 of 3rd period - Mathieu Perreault is hit by Patrice Bergeron.
14:05 of 3rd period - Icing by Patrick Maroon.
14:06 of 3rd period - Tomas Hertl wins face-off versus Darren Helm in COLORADO Avalanche zone.
14:30 of 3rd period - Shot by David Perron.
14:30 of 3rd period - Shot Misses the Net.
14:32 of 3rd period - Shot by Patrick Maroon.
14:32 of 3rd period - Deflect By David Perron.
14:32 of 3rd period - Shot Misses the Net.
14:34 of 3rd period - Shot by David Perron.
14:34 of 3rd period - Shot Hit the Post.
14:38 of 3rd period - Shot by Darren Helm.
14:38 of 3rd period - Deflect By David Perron.
14:38 of 3rd period - Stopped by Frederik Andersen without a rebound.
14:39 of 3rd period - Craig Smith wins face-off versus Patrice Bergeron in BOSTON Bruins zone.
15:47 of 3rd period - Off-side.
15:48 of 3rd period - Darren Helm wins face-off versus Bo Horvat in neutral zone.
15:59 of 3rd period - Shot by Blake Wheeler.
15:59 of 3rd period - Stopped by Brian Elliott without a rebound.
16:00 of 3rd period - Mathieu Perreault wins face-off versus David Krejci in COLORADO Avalanche zone.
16:11 of 3rd period - Shot by Rick Nash.
16:11 of 3rd period - Shot Misses the Net.
16:57 of 3rd period - David Savard is hit by Blake Wheeler.
17:03 of 3rd period - Shot by Bo Horvat.
17:03 of 3rd period - Stopped by Brian Elliott without a rebound.
17:04 of 3rd period - Darren Helm wins face-off versus Patrice Bergeron in COLORADO Avalanche zone.
17:06 of 3rd period - Jordie Benn is hit by Patrice Bergeron and loses puck.
17:11 of 3rd period - Shot by Adam McQuaid.
17:11 of 3rd period - Stopped by Frederik Andersen without a rebound.
17:12 of 3rd period - Craig Smith wins face-off versus Patrice Bergeron in BOSTON Bruins zone.
17:35 of 3rd period - Brad Marchand is hit by Craig Smith and loses puck.
18:21 of 3rd period - Shot by David Perron.
18:21 of 3rd period - Stopped by Frederik Andersen with a rebound.
18:26 of 3rd period - Minor Penalty to Matt Dumba for Roughing.
18:27 of 3rd period - Patrice Bergeron wins face-off versus Darren Helm in BOSTON Bruins zone.
19:10 of 3rd period - Shot by Jeff Skinner.
19:10 of 3rd period - Stopped by Frederik Andersen without a rebound.
19:11 of 3rd period - Bo Horvat wins face-off versus Craig Smith in BOSTON Bruins zone.
19:11 of 3rd period - Bo Horvat is hit by Craig Smith.
19:18 of 3rd period - Icing by David Savard.
19:19 of 3rd period - Bo Horvat wins face-off versus Craig Smith in COLORADO Avalanche zone.
19:20 of 3rd period - Shot by Blake Wheeler.
19:20 of 3rd period - Shot Blocked by David Savard.
19:38 of 3rd period - Shot by Jeff Skinner.
19:38 of 3rd period - Stopped by Frederik Andersen without a rebound.
19:39 of 3rd period - Darren Helm wins face-off versus Brad Marchand in BOSTON Bruins zone.
19:42 of 3rd period - Shot by Patrick Maroon.
19:42 of 3rd period - Deflect By David Perron.
19:42 of 3rd period - Stopped by Frederik Andersen without a rebound.
19:43 of 3rd period - Patrice Bergeron wins face-off versus Darren Helm in BOSTON Bruins zone.
Goals for this period are 0 for COLORADO Avalanche vs 0 for BOSTON Bruins.
Shots for this period are 11 for COLORADO Avalanche vs 7 for BOSTON Bruins.